 Dungeon Crawl Stone Soup version 0.29-a0-231-g945431f764 (console) character file.

Game seed: 11954755994535355332

44 petzl the Vexing (level 3, 0/27 HPs)
             Began as a Formicid Arcane Marksman on Feb 28, 2022.
             Shot with an arrow by a centaur (15 damage)
             ... on level 6 of the Dungeon.
             The game lasted 00:11:07 (2695 turns).

petzl the Vexing (Formicid Arcane Marksman)         Turns: 2695, Time: 00:11:07

Health: 0/27       AC:  5    Str: 14    XL:     3   Next: 87%
Magic:  4/5        EV: 10    Int: 14    God:
Gold:   56         SH:  0    Dex: 11    Spells: 0/4 levels left

rFire   . . .      SeeInvis +   p - +0 short sword
rCold   . . .      Faith    .   (no shield)
rNeg    . . .      Spirit   .   h - +0 ring mail
rPois   .          Reflect  .   (helmet unavailable)
rElec   .          Harm     .   (no cloak)
rCorr   .          Rampage  .   (no gloves)
Will    .....                   (no boots)
Stlth   +.........              (no amulet)
HPRegen 0.09/turn               (no ring)
MPRegen 0.09/turn               (no ring)

@: no status effects
A: permanent stasis, dig shafts and tunnels, antennae 3, four strong arms
a: Dig, Shaft Self


You were on level 6 of the Dungeon.
You visited 1 branch of the dungeon, and saw 6 of its levels.

You collected 56 gold pieces.

Inventory:

Hand Weapons
 a - a +0 hand crossbow
 o - a +0 falchion
 p - a +0 short sword (weapon)
 t - a +0 hand axe {!f =f}
Missiles
 g - 4 javelins (quivered)
 n - 95 stones
 q - 5 poisoned darts
 r - 3 curare-tipped darts {!*}
Armour
 h - a +0 ring mail (worn)
Magical Staves
 l - a staff of cold
Scrolls
 b - a scroll of immolation {unknown}
 c - a scroll of torment {unknown}
 d - 2 scrolls of fog {unknown}
 f - a scroll of holy word {unknown}
 i - a scroll of magic mapping {unknown}
 j - 2 scrolls of teleportation {unknown}
 k - a scroll of enchant weapon
Potions
 e - a potion of attraction {unknown}
 m - a potion of resistance {unknown}


   Skills:
 + Level 1.8 Fighting
 - Level 2.2 Crossbows
 + Level 1.1 Armour
 + Level 2.0 Dodging
 + Level 1.1 Stealth
 + Level 1.4 Spellcasting
 - Level 3.6 Hexes
 * Level 1.1 Transmutations
 * Level 0.4 Poison Magic


You couldn't memorise any spells.
You knew the following spells:

 Your Spells              Type           Power      Damage    Failure   Level
a - Slow                  Hex            44%        N/A       12%         1
S - Spider Form           Tmut/Pois      3%         N/A       73%         3

Your spell library contained the following spells:

 Spells                   Type           Power      Damage    Failure   Level
 Ensorcelled Hibernation  Hex/Ice        12%        N/A       36%         2
 Passwall                 Tmut/Erth      1%         N/A       52%         2
 Inner Flame              Hex/Fire       6%         N/A       58%         3
 Portal Projectile        Hex/Tloc       12%        N/A       58%         3
 Cause Fear               Hex            5%         N/A       75%         4
 Anguish                  Hex/Necr       3%         N/A       94%         4
 Swiftness                Air            Unusable   N/A       N/A         3

Dungeon Overview and Level Annotations

Branches:
Dungeon (6/15)
 Temple: D:4-7

Altars:
Wu Jian

Shops:
D:6 :

Annotations:
D:4 exclusion: upstairs


Innate Abilities, Weirdness & Mutations

You cannot be hasted, slowed, berserked, paralysed or teleported.
You can dig through walls and to a lower floor.
You have a pair of large antennae on your head. (SInv)
Your four strong arms can wield two-handed weapons with a shield.


Message History

You see here 4 curare-tipped darts {!*}.
r - 4 curare-tipped darts {!*}
There is an entrance to Plog's Book Emporium here.
You have 56 gold pieces.
Unknown command.
Unknown command.
Unknown command.
Things that are here:
a +0 battleaxe {!f =f}; a +0 leather armour A centaur comes into view.
The centaur shouts!
Casting: Slow (safe; 12% risk of failure)
Confirm with . or Enter, or press ? or * to list all spells.
Aiming: Slow (safe; 12% risk of failure)
Press: ? - help, Shift-Dir - straight line, f - centaur
Aim: a centaur (chance to affect: 50%)
The centaur resists with some effort.
The centaur wields a +0 shortbow.
The centaur shoots an arrow.
The arrow hits you!
Okay, then.
Okay, then.
Okay, then.
You aren't carrying any items that you can evoke.
Unknown command.
Unknown command.
Unknown command.
Unknown command.
Okay, then.
Unknown command.
Unknown command.
Unknown command.
Throw: 4 darts (curare) {!*}
Press: ? - help, Q - select action, (/) - cycle Shift-Dir - straight line, f/p - centaur
Aim: a centaur, wielding a +0 shortbow (67% to hit)
You throw a curare-tipped dart {!*}.
The curare-tipped dart {!*} hits the centaur.
The centaur is poisoned.
The centaur convulses.
The centaur seems to slow down.
The centaur is lightly wounded.
The centaur shoots an arrow.
The arrow hits you.
The centaur shoots an arrow.
The arrow hits you!
Ouch! That really hurt!
You die...

#[.. { #..#
{ ##..#
#...# #...#
{ { #...#
#...# #.<.#
#...# #...#
#∩..# {
#...#####
#.......#
#..)....#+#
#.........#
{
#.......###
#...@...#
#.......#
#.......#
#.......#
#.......#
#.......#
##..##..#
#c. ..# ...
..#


You could see a centaur (very poisoned, slow).

Vanquished Creatures
  An adder (D:6)
  A dart slug (D:1)
  An orc (D:3)
  3 bats (D:1)
  4 endoplasms
  A giant cockroach (D:1)
  2 goblins
  4 hobgoblins
  A quokka (D:1)
  4 ball pythons
  2 frilled lizards (D:1)
  7 kobolds
  A rat (D:3)
32 creatures vanquished.

Vanquished Creatures (others)
  23 plants (D:3)
23 creatures vanquished.

Grand Total: 55 creatures vanquished

Notes
Turn   | Place    | Note
-------+----------+-------------------------------------------
     0 | D:1      | petzl the Formicid Arcane Marksman began the quest for the
                  | Orb.
     0 | D:1      | Reached XP level 1. HP: 15/15 MP: 2/2
   572 | D:1      | Reached XP level 2. HP: 21/21 MP: 3/3
  1174 | D:1      | Reached skill level 1 in Stealth
  1357 | D:1      | Reached XP level 3. HP: 23/26 MP: 0/5
  1415 | D:2      | Learned a level 3 spell: Spider Form
  1748 | D:2      | You fall into a shaft and drop 2 floors!
  1758 | D:4      | HP: 1/26 [goblin/+0 dagger (1)]
  2375 | D:3      | Reached skill level 1 in Transmutations
  2416 | D:3      | Found an ornate altar of the Wu Jian Council.
  2509 | D:3      | Reached skill level 1 in Armour
  2580 | D:4      | You fall into a shaft and drop 2 floors!
  2590 | D:6      | Noticed an orc warrior
  2612 | D:5      | Entered Level 5 of the Dungeon
  2675 | D:6      | Found Plog's Book Emporium.
  2692 | D:6      | Noticed a centaur
  2695 | D:6      | Shot with an arrow by a centaur

Illustrated notes

Levels and vault maps discovered:
D:1:      doesnt_arrival_eight_statues, layout_loops_ring, st_stairs_9
D:2:      layout_basic
D:3:      layout_basic, nemelex_dance_club_becter, nzn_wu_jian_contemplation,
          serial_bayou, serial_bayou_shore_b, serial_bayou_shore_a,
          serial_bayou_lake_a, serial_bayou_ford_a, serial_bayou_pond_e,
          serial_shops, nicolae_diamond_shop, basic_ecumenical_altar
D:4:      layout_cave_pools, ebering_ghost_sewer_f, uniq_ijyb
D:5:      layout_gridville, temple_green, serial_shops, shop, shop,
          nicolae_diamond_shop, shop, nicolae_shop_window_shopping,
          uniq_eustachio
D:6:      layout_gridville, nicolae_ru_awakened_eye, serial_shops, shop,
          nicolae_shop_hallway_plus, shop, nicolae_square_shop

Skill      XL: |  1  2  3 |
---------------+----------+-----
Dodging        | 2 |  2.0
Stealth        | 1 |  1.1
Transmutations | 1 |  1.1
Armour         | 1 |  1.1
Fighting       | |  1.8
Crossbows      | |  2.2
Spellcasting   | |  1.4
Hexes          | |  3.6
Poison Magic   | |  0.4

Action                   || total
-------------------------++-------
Melee: Whip              ||    15
       Unarmed           ||    10
       Short sword       ||   111
       Punch             ||     4
Throw: Javelin           ||     8
       Dart              ||     1
 Cast: Slow              ||    24
 Abil: Shaft Self        ||     2
  Use: Scroll            ||     3
       Potion            ||     3
Armor: Ring mail         ||    64
Dodge: Dodged            ||    88

Table legend: (Time is in decaauts)
 A = Elapsed time spent in this place.
 B = Non-inter-level travel time spent in this place.
 C = Inter-level travel time spent in this place.
 D = Time resting spent in this place.
 E = Time spent auto-exploring this place.
 F = Levels seen in this place.
 G = Mean time per level.
                   A        B        C        D        E       F      G
               +--------+--------+--------+--------+--------+-----+--------+
         Total |   2732 |   2704 |     28 |   1129 |    868 |   6 |  455.3 |
       Dungeon |   2732 |   2704 |     28 |   1129 |    868 |   6 |  455.3 |
               +--------+--------+--------+--------+--------+-----+--------+

Top non-repeatable levels by time:
     D:1: 1634 daAuts
     D:3: 839 daAuts
     D:2: 122 daAuts
     D:5: 62 daAuts
     D:6: 53 daAuts
     D:4: 20 daAuts
